 Dungeon Crawl Stone Soup version 0.26-a0-651-gb41185065b (webtiles) character file.

Game seed: 2246027053102471458

15 Flugslaktarn the Shield-Bearer (level 2, -3/28 HPs)
             Began as a Deep Dwarf Fighter on Oct 7, 2020.
             Was an Initiate of Makhleb.
             Splashed by Ijyb's acid (12 damage)
             ... on level 3 of the Dungeon.
             The game lasted 00:00:19 (309 turns).

Flugslaktarn the Shield-Bearer (Deep Dwarf Fighter)  Turns: 309, Time: 00:00:20

Health: -3/28      AC:  6    Str: 19    XL:     2   Next: 34%
Magic:  1/1        EV:  7    Int:  8    God:    Makhleb [......]
Gold:   48         SH:  9    Dex: 12    Spells: 1/1 levels left

rFire    . . .     SeeInvis .   a - +0 war axe
rCold    . . .     Faith    .   c - +0 kite shield
rNeg     . . .     Spirit   .   b - +0 scale mail
rPois    .         Reflect  .   (no helmet)
rElec    .         Harm     .   (no cloak)
rCorr    .         Rampage  .   (no gloves)
MR       .....                  (no boots)
Stlth    ..........             (no amulet)
HPRegen  0.00/turn              (no ring)
MPRegen  0.07/turn              (no ring)

@: non-regenerating
A: damage resistance, heal wounds, sense surroundings 1, no regeneration
a: Heal Wounds, Renounce Religion


You were on level 3 of the Dungeon.
You worshipped Makhleb.
Makhleb was noncommittal.
You visited 1 branch of the dungeon, and saw 3 of its levels.

You collected 48 gold pieces.

Inventory:

Hand Weapons
 a - a +0 war axe (weapon)
Armour
 b - a +0 scale mail (worn)
 c - a +0 kite shield (worn)
Scrolls
 f - a scroll of fog {unknown}
Potions
 d - a potion of might
 e - a potion of curing {unknown}


   Skills:
 * Level 3.0 Fighting
 * Level 2.6 Axes
 + Level 3.4 Armour
 + Level 3.4 Shields
 + Level 0.0 Invocations


You had one spell level left.
You didn't know any spells.
Your spell library was empty.

Dungeon Overview and Level Annotations

Branches:
Dungeon (3/15)

Altars:
Makhleb
Okawaru

Annotations:
D:3 Ijyb


Innate Abilities, Weirdness & Mutations

You are resistant to damage.
You can heal yourself by infusing magical energy.
You passively map a small area around you.
You do not regenerate.


Message History

Ijyb screams, "I no like you!"
Ijyb zaps a wand.
The bolt of acid misses you.
You feel much better.
Ijyb screams, "Me very upset!"
You block Ijyb's attack.
You barely miss Ijyb. You hit the bat.
You kill the bat!
Makhleb accepts your kill.
You hit Ijyb but do no damage. You block Ijyb's attack.
A kobold comes into view. It is wielding a +0 short sword.
Ijyb hits you but does no damage.
You hit Ijyb but do no damage. You hit the goblin but do no damage.
The goblin barely misses you. Ijyb barely misses you. The goblin hits you.
You barely miss the goblin. You barely miss Ijyb.
Ijyb grins evilly.
Ijyb zaps a wand.
The bolt of acid hits you!!
Ouch! That really hurt!
You are splashed with acid!
You die...

#.....# * ..
#.....# #.# * * ,
#.....# ..#
.###..#.###.###
........#.....
...>....#.#.# #
.......<....#.#
..............####
..(.......@g.....#
#..##..####g####.#
....... , ...**
,.......* ,K...#
...... , ....# , ,
...<.. _..... ....
* ....#.# ,,, , ,
, ....#..


You could see Ijyb, a goblin and a kobold.

Vanquished Creatures
  2 dart slugs (D:1)
  A leopard gecko (D:1)
  2 goblins
  3 hobgoblins
  A bat (D:3)
9 creatures vanquished.

Notes
Turn   | Place    | Note
-------+----------+-------------------------------------------
     0 | D:1      | Flugslaktarn the Deep Dwarf Fighter began the quest for the
                  | Orb.
     0 | D:1      | Reached XP level 1. HP: 20/20 MP: 1/1
    85 | D:1      | Reached XP level 2. HP: 14/27 MP: 2/2
   210 | D:2      | Found a burning altar of Makhleb.
   252 | D:2      | Became a worshipper of Makhleb the Destroyer
   297 | D:3      | Noticed Ijyb
   300 | D:3      | Found an iron altar of Okawaru.
   309 | D:3      | Splashed by Ijyb's acid

Illustrated notes

Levels and vault maps discovered:
D:1:      lemuel_arrival_muddy, layout_basic
D:2:      layout_loops_corners, marbit_many_paths, serial_glass,
          glass_columns_a, glass_columns_c, bloody_makhleb
D:3:      layout_rooms, old_standard_altar, nicolae_tso_carved_into_rock,
          chequers_ecumenical_altar_simple, grunt_ministairs_2, uniq_ijyb

Skill      XL: |  1  2 |
---------------+-------+-----
Fighting       | 3 |  3.0
Axes           | |  2.6
Armour         | |  3.4
Shields        | |  3.4

Action                   || total
-------------------------++-------
Melee: War axe           ||    27
 Abil: Heal Wounds       ||     2
Armor: Scale mail        ||     6
Dodge: Dodged            ||     8
Block: Kite shield       ||     8

Table legend: (Time is in decaauts)
 A = Elapsed time spent in this place.
 B = Non-inter-level travel time spent in this place.
 C = Inter-level travel time spent in this place.
 D = Time resting spent in this place.
 E = Time spent auto-exploring this place.
 F = Levels seen in this place.
 G = Mean time per level.
                   A        B        C        D        E       F      G
               +--------+--------+--------+--------+--------+-----+--------+
         Total |    320 |    251 |     69 |      0 |    175 |   3 |  106.7 |
       Dungeon |    320 |    251 |     69 |      0 |    175 |   3 |  106.7 |
               +--------+--------+--------+--------+--------+-----+--------+

Top non-repeatable levels by time:
     D:2: 153 daAuts
     D:1: 152 daAuts
     D:3: 14 daAuts
